 Dungeon Crawl Stone Soup version 0.26.1-11-gd32895ea62 (webtiles) character file.

Game seed: 9320227290940223576

22 nothank2 the Grave Robber (level 2, -1/19 HPs)
             Began as a Demonspawn Necromancer on July 16, 2021.
             Killed from afar by a dart slug (3 damage)
             ... with a slug dart
             ... on level 1 of the Dungeon.
             The game lasted 00:01:15 (554 turns).

nothank2 the Grave Robber (Demonspawn Necromancer)   Turns: 554, Time: 00:01:16

Health: -1/19      AC:  2    Str:  8    XL:     2   Next: 68%
Magic:  1/5        EV: 12    Int: 16    God:
Gold:   50         SH:  0    Dex: 13    Spells: 3/5 levels left

rFire    . . .     SeeInvis .   (no weapon)
rCold    . . .     Faith    .   (no shield)
rNeg     . . .     Spirit   .   a - +0 robe
rPois    .         Reflect  .   (no helmet)
rElec    .         Harm     .   (no cloak)
rCorr    .         Rampage  .   (no gloves)
Will     .....                  (no boots)
Stlth    ++........             (no amulet)
HPRegen  0.06/turn              (no ring)
MPRegen  0.09/turn              (no ring)

@: no status effects
A: claws 1
a: no special abilities


You were on level 1 of the Dungeon.
You visited 1 branch of the dungeon, and saw 1 of its levels.

You collected 50 gold pieces.

Inventory:

Armour
 a - a +0 robe (worn)
Jewellery
 c - a cursed -4 ring of protection {unknown}
Potions
 b - a potion of berserk rage {unknown}


   Skills:
 - Level 1.7 Dodging
 - Level 1.7 Stealth
 + Level 2.4 Spellcasting
 * Level 5.0 Necromancy


You had 3 spell levels left.
You knew the following spells:

 Your Spells              Type           Power        Failure   Level
a - Pain                  Necr           72%          2%          1
b - Animate Skeleton      Necr           36%          2%          1

Your spell library contained the following spells:

 Spells                   Type           Power        Failure   Level
 Vampiric Draining        Necr           9%           8%          3
 Animate Dead             Necr           9%           26%         4
 Agony                    Necr           18%          56%         5


Dungeon Overview and Level Annotations

Branches:
Dungeon (1/15)

Altars:


Innate Abilities, Weirdness & Mutations

You have sharp fingernails.


Message History

* * * LOW HITPOINT WARNING * * *
You see here 14 gold pieces.
The dart slug launches a dart at you. The slug dart misses you.
You see here 9 arrows.
You are too injured to fight recklessly!
Aiming: Pain (safe; 2% risk of failure)
Press: ? - help, Q - select action, (/) - cycle Shift-Dir - straight line, f - dart slug
Aim: a dart slug (chance to affect: 89%)
The dart slug barely resists.
Aiming: Pain (safe; 2% risk of failure)
Press: ? - help, Q - select action, (/) - cycle Shift-Dir - straight line, f/p - dart slug
Aim: a dart slug (chance to affect: 89%)
The dart slug writhes in agony.
You don't have enough magic to cast that spell.
You don't have enough magic to cast that spell.
The dart slug barely misses you. The dart slug launches a dart at you.
The slug dart hits you.
You die...

###########...........##'##
#.# ..# #...............#
#.# ..# #...............#
#.# ..# #...............#
#.# ..#
####+#...........#####.#
..#
#............##.........
..#
#.......####..#.####....
..#
#.........(........)....
..#
#......@#####.....##....
..# #.)....w# ##....##....
### #.......# #....##....
#.......# ##...######
#.......#######w...####
#.......##............#
#.......##...)........#
##########............#
#......).($####


You could see a dart slug.

Vanquished Creatures
  A gnoll (D:1)
  A dart slug (D:1)
  3 goblins (D:1)
  3 hobgoblins (D:1)
  A bat (D:1)
  A frilled lizard (D:1)
10 creatures vanquished.

Notes
Turn   | Place    | Note
-------+----------+-------------------------------------------
     0 | D:1      | nothank2 the Demonspawn Necromancer began the quest for the
                  | Orb.
     0 | D:1      | Reached XP level 1. HP: 13/13 MP: 3/3
   343 | D:1      | Gained mutation: You have sharp fingernails. [demonic
                  | ancestry]
   343 | D:1      | Reached XP level 2. HP: 15/19 MP: 0/5
   468 | D:1      | Learned a level 1 spell: Animate Skeleton
   526 | D:1      | Reached skill level 5 in Necromancy
   554 | D:1      | Killed from afar by a dart slug

Illustrated notes

Levels and vault maps discovered:
D:1:      wander_arrival_lonely_grave, layout_basic

Skill      XL: |  1  2 |
---------------+-------+-----
Necromancy     | 5 |  5.0
Dodging        | |  1.7
Stealth        | |  1.7
Spellcasting   | |  2.4

Action                   || total
-------------------------++-------
Melee: Unarmed           ||    14
 Cast: Pain              ||    22
       Animate Skeleton  ||     1
Armor: Robe              ||     3
Dodge: Dodged            ||     8
